 Dungeon Crawl Stone Soup version 0.31.0-9-g3a7656b989 (webtiles) character file.

Game seed: 6649375857611268671

1508 Marvel the Cleaver (level 8, -5/74 HPs)
             Began as a Hill Orc Fighter on Feb 2, 2024.
             Was a Follower of Beogh.
             Slain by a vampire
             ... wielding a +0 vampiric bardiche
              (13 damage)
             ... in a bailey.
             The game lasted 00:08:54 (6281 turns).

Marvel the Cleaver (Hill Orc Fighter)               Turns: 6281, Time: 00:08:54

Health: -5/74      AC:  9    Str: 21    XL:     8   Next: 82%
Magic:  0/8        EV:  9    Int:  8    God:    Beogh [*.....]
Gold:   190        SH:  4    Dex: 10    Spells: 7/7 levels left

rFire   . . .        a - +0 war axe
rCold   . . .        c - +0 buckler
rNeg    . . .        b - +0 scale mail
rPois   .            (no helmet)
rElec   .            v - +0 cloak
rCorr   .            n - +0 pair of gloves
SInv    .            (no boots)
Will    +....        e - amulet of guardian spirit Stlth
                     (no ring)
HPRegen 0.32/turn    (no ring)
MPRegen 0.11/turn

%: guardian spirit
@: attractive, enlightened, flying
A: talons 1
a: Renounce Religion


You were in a bailey.
You worshipped Beogh.
Beogh was aware of your devotion.
You visited 1 branch of the dungeon, and saw 7 of its levels.
You also visited: Bailey.

You collected 340 gold pieces.
You spent 150 gold pieces at shops.

Inventory:

Hand Weapons
 a - a +0 war axe (weapon)
 o - a +2 falchion of electrocution
Missiles
 h - 8 boomerangs (quivered)
 p - 13 poisoned darts
Armour
 b - a +0 scale mail (worn)
 c - a +0 buckler (worn)
 n - a +0 pair of gloves (worn)
 v - a +0 cloak (worn)
Jewellery
 e - an amulet of guardian spirit (around neck)
Scrolls
 f - 3 scrolls of enchant weapon
 m - 2 scrolls of fog {unknown}
 q - a scroll of revelation
 r - a scroll of vulnerability
 s - 8 scrolls of identify
 u - a scroll of teleportation
 x - a scroll of noise {unknown}
 y - a scroll of amnesia {unknown}
 B - a scroll of enchant armour {unknown}
 C - a scroll of torment {unknown}
Potions
 d - a potion of might
 g - a potion of brilliance
 i - a potion of cancellation
 j - 2 potions of curing
 k - a potion of mutation
 l - a potion of berserk rage {unknown}
 t - 2 potions of resistance {unknown}
 w - 6 potions of degeneration
 z - a potion of heal wounds {unknown}


   Skills:
 + Level 8.1 Fighting
 + Level 11.8 Axes
 - Level 3.2 Armour
 - Level 3.2 Shields


You had 7 spell levels left.
You didn't know any spells.
Your spell library contained the following spells:

 Spells                   Type           Power      Damage    Failure   Level
 Apportation              Tloc           0%         N/A       82%         1
 Necrotise                Necr           0%         1d4       82%         1
 Sting                    Conj/Alch      0%         1d3       82%         1
 Summon Small Mammal      Summ           0%         N/A       82%         1
 Ensorcelled Hibernation  Hex/Ice        0%         N/A       91%         2
 Lesser Beckoning         Tloc           0%         N/A       91%         2
 Fugue of the Fallen      Necr           0%         N/A       99%         3
 Gell's Gravitas          Tloc           0%         N/A       99%         3
 Ozocubu's Armour         Ice            0%         N/A       99%         3
 Teleport Other           Tloc           0%         N/A       99%         3
 Vampiric Draining        Necr           0%         2d6       99%         3
 Anguish                  Hex/Necr       0%         N/A       100%        4
 Martyr's Knell           Necr/Summ      0%         N/A       100%        4
 Curse of Agony           Necr           0%         N/A       100%        5
 Metabolic Englaciation   Hex/Ice        0%         N/A       100%        5
 Sculpt Simulacrum        Ice/Alch       0%         N/A       100%        6
 Malign Gateway           Summ/Tloc      0%         N/A       100%        7
 Summon Horrible Things   Summ           0%         N/A       100%        8


Dungeon Overview and Level Annotations

Branches:
Dungeon (7/15)             Temple (0/1) D:4          Bailey (1/1)

Altars:
Dithmenos
Fedhas

Shops:
D:4 !?


Innate Abilities, Weirdness & Mutations

You have sharp toenails.


Message History

You open the large door.
A vampire comes into view. It is wielding a +0 vampiric bardiche.
There is a large open door here.
The vampire completely misses you.
The vampire bites you but does no damage.
You hit the vampire but do no damage. You claw the vampire, but do no damage.
The vampire hits you with a +0 vampiric bardiche.
The vampire bites you but does no damage.
It was a potion of enlightenment.
You feel very buoyant.
You fly up into the air.
The vampire hits you with a +0 vampiric bardiche!
You block the vampire's attack.
You hit the vampire but do no damage.
The vampire hits you with a +0 vampiric bardiche!
The vampire bites you.
The vampire draws strength from your injuries!
You slice the vampire!! You claw the vampire, but do no damage.
The vampire is heavily damaged.
The vampire hits you with a +0 vampiric bardiche!
The vampire bites you!
The vampire draws strength from your injuries!
You closely miss the vampire.
The vampire is moderately damaged.
The vampire mumbles some strange words.
The vampire flickers and vanishes!
Deactivating autopickup; reactivate with Ctrl-A.
You barely miss something. Your kick misses something. You miss something.
Your kick misses something. Something hits you but does no damage.
Something bites you but does no damage.
You hit something but do no damage. Your kick misses something.
Something hits you!
* * * LOW HITPOINT WARNING * * *
Something bites you.
* * * LOW HITPOINT WARNING * * *
Something draws strength from your injuries!
It was a potion of attraction.
You feel attractive to monsters. Something hits you!
You die...

♣.......##...##...#
..♣...♣..##......8#
..........##....######
....♣......#...##...8#
........♣..#..##.....!
....♣. #..#...# ......
#..'..# #+##..
#..'..## # # #..#.@.#
# #8.##.{...[#
######....## #####


There were no monsters in sight!

Vanquished Creatures
  Sigmund (D:6)
  A water moccasin (D:5)
  An acid dragon (D:6)
  A sky beast (D:6)
  2 ogres
  A centaur (D:7)
  2 phantoms (D:5)
  2 scorpions
  A howler monkey (D:5)
  A bombardier beetle (D:4)
  4 hounds
  An iguana (D:6)
  A sleepcap (D:3)
  4 gnolls
  4 adders
  A white imp (D:5)
  4 ufetubi
  A ribbon worm (D:2)
  3 dart slugs
  13 orcs
  8 endoplasms
  4 giant cockroaches
  10 goblins
  8 hobgoblins
  6 jackals (D:2)
  7 kobolds
  6 quokkas
  A ball python (D:2)
  3 bats
  7 frilled lizards
  12 orc zombies (Bailey)
  4 rats (D:1)
125 creatures vanquished.

Vanquished Creatures (others)
  A white imp (D:5)
  2 orcs (D:5)
3 creatures vanquished.

Grand Total: 128 creatures vanquished

Notes
Turn   | Place    | Note
-------+----------+-------------------------------------------
     0 | D:1      | Marvel the Hill Orc Fighter began the quest for the Orb.
     0 | D:1      | Reached XP level 1. HP: 19/19 MP: 1/1
   130 | D:1      | Reached skill level 3 in Axes
   130 | D:1      | Reached XP level 2. HP: 26/27 MP: 2/2
  1099 | D:2      | Reached XP level 3. HP: 21/34 MP: 1/3
  1269 | D:2      | Reached skill level 4 in Axes
  1498 | D:2      | Reached XP level 4. HP: 40/41 MP: 4/4
  2116 | D:3      | Reached skill level 5 in Fighting
  2116 | D:3      | Reached skill level 5 in Axes
  2120 | D:3      | Reached XP level 5. HP: 36/48 MP: 5/5
  2126 | D:3      | HP: 2/48 [gnoll/+0 club (3)]
  2415 | D:4      | Reached skill level 6 in Axes
  2484 | D:4      | Found Cimetui's Magic Scroll Emporium.
  2490 | D:4      | Bought a scroll of enchant weapon for 90 gold pieces
  2490 | D:4      | Bought a scroll of teleportation for 36 gold pieces
  2490 | D:4      | Bought a scroll of identify for 24 gold pieces
  2670 | D:4      | You fall into a shaft and drop 1 floor!
  2670 | D:5      | Entered Level 5 of the Dungeon
  2682 | D:5      | Reached XP level 6. HP: 45/56 MP: 6/6
  2747 | D:5      | Became a worshipper of Beogh the Brigand
  2917 | D:4      | Reached skill level 7 in Axes
  3254 | D:4      | Found Ucit's Distillery.
  3390 | D:4      | Found a staircase to the Ecumenical Temple.
  3793 | D:5      | Reached XP level 7. HP: 63/63 MP: 7/7
  3834 | D:5      | Reached skill level 8 in Axes
  4174 | D:5      | Reached skill level 9 in Axes
  4688 | D:6      | Noticed Sigmund
  4696 | D:6      | Reached XP level 8. HP: 5/73 MP: 1/8
  4696 | D:6      | Gained mutation: You have sharp toenails. [potion of
                  | mutation]
  4997 | D:6      | Found a shadowy altar of Dithmenos.
  5080 | D:6      | Reached skill level 10 in Axes
  5236 | D:6      | Reached * piety under Beogh
  5560 | D:6      | Found a blossoming altar of Fedhas.
  5585 | D:6      | Killed Sigmund
  5586 | D:6      | Reached skill level 11 in Axes
  6126 | D:7      | Found a flagged portal.
  6143 | Bailey   | Entered a bailey
  6269 | Bailey   | Noticed a vampire
  6281 | Bailey   | Slain by a vampire

Illustrated notes

Levels and vault maps discovered:
D:1:      matt_arrival_refuge, layout_basic, hangedman_decor_opposing,
          serial_bayou_lagoon_b
D:2:      layout_rooms
D:3:      layout_basic
D:4:      layout_loops_ring, minmay_temple_entry_fiery, serial_shops, shop,
          nicolae_shop_gibbet_a_chance, chequers_serial_rivers_micro_d,
          supply_closet_lemuel, kennysheep_small_square
D:5:      layout_loops_cross, nicolae_figureground_sparkle
D:6:      layout_loops_ring, mainiacjoe_overflow_big_doors, uniq_sigmund
D:7:      layout_loops_cross, enter_bailey_7
Bailey:   bailey_polearm_vampire_castle_hellmonk, bailey

Skill      XL: |  1  2  3  4  5  6  7  8 |
---------------+-------------------------+-----
Fighting       | 4 5 6 7 8 |  8.1
Axes           | 3 4 5 6 7 9 11 | 11.8
Armour         | |  3.2
Shields        | |  3.2

Action                     |  1- 3 |  4- 6 |  7- 9 || total
---------------------------+-------+-------+-------++-------
  Melee: War axe           |   118 |   158 |   168 ||   444
         Kick              |       |       |    33 ||    33
 Invoke: Convert to Beogh  |       |     1 |       ||     1
    Use: Scroll            |       |     4 |     1 ||     5
         Potion            |       |     1 |     6 ||     7
   Stab: Distracted        |       |       |     1 ||     1
 Armour: Scale mail        |    81 |   134 |   148 ||   363
  Dodge: Dodged            |    65 |    67 |    62 ||   194
  Block: Buckler           |    33 |    27 |    37 ||    97
